cohdb
Replays
Latest Replays
All Replays
Popular Replays
Top Player Replays
Match Explorer
How It Works
Community
CoH3 Stats
Reddit
Sign in to upload your games and track your stats! →
Sign in with Steam
Match 36361994
Unlisted
Match 36361994
Overview
Messages
Build Orders
End
Selects Armored Battlegroup
Selects Assault Engineers
Engineer Squad
Assault Engineer Squad
Assault Engineer Squad
Assault Engineer Squad
Construct Weapon Support Center
M1919 Machine Gun Team
Mechanized Support Center
M3 75 mm Gun Motor Carriage
KrazyGryphon
Yaas
☩ ZhenK ☩
OsamabinMohammedbinAwadbinLaden
GiChüL
tylerbishop1055
0
0
Comments
sign in to comment!
No comments posted yet!